 Dungeon Crawl Stone Soup version 0.20.1-1-g8b1a95d (webtiles) character file.

439 KoningWillie the Covered (level 6, -1/53 HPs)
             Began as a Minotaur Fighter on Sept 27, 2017.
             Killed by divine providence
             ... invoked by an orc priest
              (16 damage)
             ... on level 4 of the Dungeon.
             The game lasted 00:06:13 (3862 turns).

KoningWillie the Covered (Minotaur Fighter)         Turns: 3862, Time: 00:06:14

Health: -1/53      AC:  7    Str: 22    XL:     6   Next: 70%
Magic:  5/5        EV:  8    Int:  5    God:
Gold:   140        SH: 10    Dex: 10    Spells: 5/5 levels left

rFire    . . .     SeeInvis .   a - +1 long sword
rCold    . . .     Gourm    .   c - +0 shield
rNeg     . . .     Faith    .   b - +0 scale mail
rPois    .         Spirit   .   (helmet restricted)
rElec    .         Reflect  .   (no cloak)
rCorr    .         Harm     .   (no gloves)
MR       .....                  (no boots)
Stlth    ..........             (no amulet)
Regen    0.2/turn               (no ring)
MPRegen  0.1/turn               (no ring)

@: lethally poisoned (-1 -> -4)
A: retaliatory headbutt, horns 2
a: no special abilities


You were on level 4 of the Dungeon.
You were not hungry.

You visited 1 branch of the dungeon, and saw 4 of its levels.

You collected 140 gold pieces.

Inventory:

Hand Weapons
 a - a +1 long sword (weapon)
Armour
 b - a +0 scale mail (worn)
 c - a +0 shield (worn)
Jewellery
 p - a cursed ring of loudness
Scrolls
 i - a scroll of teleportation {unknown}
 l - 2 scrolls of amnesia
 o - a scroll of recharging {unknown}
Potions
 d - a potion of might
 g - a potion of cancellation
 h - a potion of mutation
 j - 4 potions of lignification {unknown}
 n - 2 potions of curing {unknown}
 q - a potion of haste {unknown}
Books
 m - a book of Misfortune

   Spells                             Type                      Level
   a - Confusing Touch                Hexes                        1
   b - Confuse                        Hexes                        3
   c - Gell's Gravitas                Translocation                3
   d - Petrify                        Transmutation/Earth          4
   e - Metabolic Englaciation         Hexes/Ice                    5
   f - Yara's Violent Unravelling     Hexes/Transmutation          5
Comestibles
 f - 2 bread rations
 r - a royal jelly


   Skills:
 + Level 4.6 Fighting
 + Level 5.1 Long Blades
 + Level 5.7 Armour
 + Level 2.4 Dodging
 + Level 0.3 Stealth
 + Level 4.9 Shields


You had 5 spell levels left.
You didn't know any spells.

Dungeon Overview and Level Annotations

Branches:
Dungeon (4/15)
 Temple: D:4-7

Altars:
Dithmenos

Annotations:
D:4 Edmund


Innate Abilities, Weirdness & Mutations

You reflexively headbutt those who attack you in melee.
You have a pair of horns on your head.


Message History

You feel sick.
You are no longer poisoned.
You block the adder's attack.
The gnoll hits you from afar with a spear.
The adder bites you.
You are poisoned.
The adder poisons you! The gnoll hits you but does no damage.
You slash the adder!
You kill the adder!
You feel sick.
The giant cockroach bites you but does no damage.
You block the gnoll's attack.
You completely miss the giant cockroach.
You feel sick. You block the giant cockroach's attack.
The gnoll closely misses you.
You slash the giant cockroach!
You kill the giant cockroach!
The orc priest mumbles some strange prayers to Beogh against you.
Beogh smites you!
You die...

............................
#.###.#.#########.........#
#.........................#
#.###.#.#########.........###
#.###.#.####### #.##........#
..............# #.########..#
..###.#.......# #..# #......# #
........._§...###g.###.)....##.#
...........<...@†@.............#
.........#..#####go.........####
.........##.# #..#.......)...#
.........##.# #..#......#.....
............. .......##........
#........##.########.###.###.#..
#........##.. .... ... ....
#........#### ###.###.## ...#
........# ... #.# #...


You could see Edmund, an orc priest and 2 gnolls.

Vanquished Creatures
  The ghost of Teleutos the Shield-Bearer, an amateur HuFi (D:3)
  2 orc priests (D:3)
  Jessica (D:2)
  An orc wizard (D:3)
  A hound skeleton (D:4)
  Robin (D:2)
  6 gnolls
  5 adders
  An ooze (D:3)
  2 worms (D:2)
  A dart slug (D:1)
  A leopard gecko (D:1)
  14 orcs (D:3)
  3 giant cockroaches
  12 goblins
  13 hobgoblins
  6 jackals
  6 kobolds
  3 quokkas (D:2)
  9 bats
  4 frilled lizards
  8 rats
101 creatures vanquished.

Notes
Turn   | Place    | Note
-------+----------+-------------------------------------------
     0 | D:1      | KoningWillie the Minotaur Fighter began the quest for the Orb.
     0 | D:1      | Reached XP level 1. HP: 19/19 MP: 0/0
   232 | D:1      | Reached XP level 2. HP: 24/27 MP: 1/1
   866 | D:2      | Reached XP level 3. HP: 32/33 MP: 2/2
  1279 | D:2      | Reached skill level 1 in Dodging
  1368 | D:2      | Noticed Robin
  1397 | D:2      | Killed Robin
  1397 | D:2      | Reached XP level 4. HP: 27/40 MP: 3/3
  1624 | D:2      | Noticed Jessica
  1628 | D:2      | Killed Jessica
  2157 | D:3      | Reached XP level 5. HP: 29/47 MP: 4/4
  2605 | D:3      | Noticed Teleutos's ghost (amateur HuFi)
  2647 | D:3      | Killed Teleutos's ghost
  2647 | D:3      | Reached skill level 5 in Armour
  2647 | D:3      | Reached XP level 6. HP: 41/53 MP: 5/5
  3110 | D:3      | Reached skill level 5 in Long Blades
  3692 | D:4      | Found a shadowy altar of Dithmenos.
  3833 | D:4      | Noticed Edmund
  3850 | D:4      | HP: 2/53 [orc priest/divine providence (15)]
  3862 | D:4      | Killed from afar by an orc priest

Skill      XL: |  1  2  3  4  5  6 |
---------------+-------------------+-----
Armour         | 4 5 |  5.7
Fighting       | 4 |  4.6
Dodging        | 1 2 |  2.4
Long Blades    | 3 4 5 |  5.1
Shields        | 4 |  4.9
Stealth        | |  0.3

Action                   |  1- 3 |  4- 6 || total
-------------------------+-------+-------++-------
Melee: Long sword        |    98 |   143 ||   241
       Headbutt          |    15 |    26 ||    41
  Use: Scroll            |     3 |     4 ||     7
       Potion            |       |     1 ||     1
  Eat: Chunk             |     1 |       ||     1
       Bread ration      |       |     1 ||     1
       Meat ration       |       |     1 ||     1
Armor: Scale mail        |    56 |    59 ||   115
Dodge: Dodged            |    35 |    59 ||    94
Block: Shield            |    59 |    98 ||   157
       Rpst.: Long sword |    13 |    10 ||    23
